 Dungeon Crawl Stone Soup version 0.25-a0-365-g7600c65aa0 (webtiles) character file.

Game seed: 14380654822898247497, levelgen mode: deterministic

4489 Inarius the Cleaver (level 10, -3/76 HPs)
             Began as a Demonspawn Abyssal Knight on Jan 5, 2020.
             Was an Elder of Lugonu.
             Slain by a vampire (8 damage)
             ... on level 8 of the Dungeon.
             The game lasted 00:18:13 (11953 turns).

Inarius the Cleaver (Demonspawn Abyssal Knight)    Turns: 11953, Time: 00:18:14

Health: -3/76      AC: 18    Str: 22    XL:     10   Next: 16%
Magic:  0/15       EV: 10    Int: 14    God:    Lugonu [****..]
Gold:   175        SH:  0    Dex: 12    Spells: 9/9 levels left

rFire    . . .     SeeInvis .   C - +0 hand axe (flame)
rCold    . . .     Gourm    .   (no shield)
rNeg     . . .     Faith    .   j - +0 plate armour
rPois    .         Spirit   +   x - +2 helmet
rElec    .         Reflect  .   M - +0 cloak
rCorr    .         Harm     .   y - +0 pair of gloves
MR       +....                  (no boots)
Stlth    ..........             v - amulet of regeneration
HPRegen  0.62/turn              n - +6 ring of strength
MPRegen  0.14/turn              m - ring of protection from magic

@: no status effects
A: hooves 1, magic shield, sturdy frame 3
a: Depart the Abyss, Bend Space, Banish, Corrupt, Renounce Religion


You were on level 8 of the Dungeon.
You worshipped Lugonu.
Lugonu was greatly pleased with you.
You were not hungry.

You visited 1 branch of the dungeon, and saw 8 of its levels.
You visited the Abyss 1 time.

You collected 455 gold pieces.
You spent 280 gold pieces at shops.

Inventory:

Hand Weapons
 a - a +1 hand axe
 t - a +0 morningstar
 C - a +0 hand axe of flaming (weapon)
 K - a cursed -1 war axe
Missiles
 I - 6 boomerangs (quivered)
Armour
 j - a +0 plate armour (worn)
 x - a +2 helmet (worn)
 y - a +0 pair of gloves (worn)
 M - a +0 cloak (worn)
Jewellery
 h - an uncursed ring of ice
 k - an uncursed amulet of rage
 m - a ring of protection from magic (right hand)
 n - a +6 ring of strength (left hand)
 s - an uncursed ring of fire
 v - an amulet of regeneration (around neck)
 A - an uncursed ring of protection from magic
Wands
 d - a wand of disintegration (2)
 D - a wand of paralysis (1)
 F - a wand of random effects (12)
 J - a wand of digging (11)
Scrolls
 e - 5 scrolls of teleportation
 g - 3 scrolls of remove curse
 i - 3 scrolls of enchant armour {unknown}
 o - 3 scrolls of random uselessness {unknown}
 q - a scroll of fog
 r - 4 scrolls of magic mapping
 B - a scroll of blinking
 G - a scroll of immolation
 L - a scroll of identify
Potions
 b - 3 potions of curing
 f - a potion of lignification
 l - a potion of might
 p - 3 potions of haste {unknown}
 u - a potion of resistance
 w - a potion of flight {unknown}
 z - 4 potions of brilliance {unknown}
 E - 2 potions of heal wounds {unknown}
 H - a potion of magic
Comestibles
 c - 21 rations


   Skills:
 + Level 6.1 Fighting
 * Level 10.0 Axes
 + Level 0.8 Throwing
 + Level 5.1 Armour
 + Level 2.5 Dodging
 * Level 7.3 Invocations
 + Level 2.9 Evocations


You had 9 spell levels left.
You didn't know any spells.
Your spell library contained the following spells:

 Spells                   Type           Power        Failure   Level  Hunger
 Beastly Appendage        Tmut           #.....       71%         1    ##.....
 Sticks to Snakes         Tmut           #.......     85%         2    ###....
 Spider Form              Tmut/Pois      #.........   97%         3    ####...
 Ice Form                 Ice/Tmut       #.......     100%        4    #####..
 Blade Hands              Tmut           #.........   100%        5    ######.


Dungeon Overview and Level Annotations

Branches:
Dungeon (8/15)             Temple (0/1) D:5
   Lair: D:8-11

Altars:
Ashenzari
Fedhas
Hepliaklqana
Makhleb
Nemelex Xobeh
Trog
Xom

Shops:
D:5 ?

Annotations:
D:6 1 exclusion


Innate Abilities, Weirdness & Mutations

You have large cloven feet.
When hurt, damage is shared between your health and your magic reserves.
Your movements are significantly less encumbered by armour. (ER -6)


Message History

* * * LOW HITPOINT WARNING * * *
You hit something but do no damage. You kick something.
Something hits you but does no damage. Something bites you but does no damage.
You completely miss something. You kick something. You closely miss something.
Your kick misses something. Something hits you but does no damage.
Something bites you but does no damage.
You closely miss something. Your kick misses something. Something hits you.
* * * LOW HITPOINT WARNING * * *
Something bites you!
* * * LOW HITPOINT WARNING * * *
Something draws strength from your injuries!
Your plate armour prevents you from hitting something.
You kick something. Something hits you but does no damage. Something bites you.
* * * LOW HITPOINT WARNING * * *
Something draws strength from your injuries!
You hit something but do no damage. Your kick misses something.
Something hits you.
* * * LOW HITPOINT WARNING * * *
Something bites you!
You die...

# #..# #
#... ..# #
#.### #.# #
#.# #.#
###.# #.#
.##.# #.#
.##.# #.#
.##.#######
#{#
...#......#
#@###
.##.#####.#
#...# .##.#
#.# ###.#
.##.# #.#
#.# .##.#
#.# #>#
....# #.#
#.# ..###
#.########.#
.
#..........#
############


There were no monsters in sight!

Vanquished Creatures
  Grinder (D:6)
  Eustachio (D:6)
  Duvessa (D:7)
  A sky beast (D:7)
  2 orc warriors
  3 ice beasts
  3 ogres
  3 centaurs
  2 big kobolds
  2 bullfrogs (D:8)
  Blork the orc (D:6)
  Dowan (D:7)
  3 scorpions
  19 killer bees (D:8)
  2 wights
  2 centaur zombies
  2 howler monkeys
  A bullfrog zombie (D:5)
  4 jellies
  3 crimson imps
  5 hounds
  3 orc priests
  2 centaur skeletons (D:4)
  2 bullfrog skeletons
  An iguana (D:6)
  11 orc wizards
  5 worker ants
  A worker ant zombie (D:6)
  8 gnolls
  13 adders
  A shadow imp (D:5)
  An ooze (D:2)
  3 worms
  3 dart slugs
  6 leopard geckos
  47 orcs
  2 bats
  7 giant cockroaches
  7 goblins
  11 hobgoblins
  7 jackals
  2 quokkas
  5 frilled lizards
  2 jackal skeletons
  A jackal zombie (D:6)
  9 kobolds
  4 leopard gecko skeletons
  A quokka skeleton (D:7)
  A quokka zombie (D:6)
  8 rats
236 creatures vanquished.

Vanquished Creatures (others)
  An orc wizard (D:6)
1 creature vanquished.

Grand Total: 237 creatures vanquished

Notes
Turn   | Place    | Note
-------+----------+-------------------------------------------
     0 | Abyss:1  | Inarius the Demonspawn Abyssal Knight began the quest for
                  | the Orb.
     0 | Abyss:1  | Reached XP level 1. HP: 18/18 MP: 2/2
    40 | Abyss:1  | Noticed a starcursed mass
    42 | D:1      | Escaped the Abyss
    95 | D:1      | Reached skill level 2 in Axes
   325 | D:1      | Gained mutation: You have large cloven feet. [demonic
                  | ancestry]
   325 | D:1      | Reached XP level 2. HP: 24/24 MP: 3/3
   461 | D:1      | Reached * piety under Lugonu
   652 | D:1      | You fall into a shaft and drop 1 floor!
   923 | D:1      | Reached XP level 3. HP: 29/29 MP: 5/5
  1854 | D:2      | Found a bloodstained altar of Trog.
  1856 | D:2      | Found a shimmering altar of Xom.
  1868 | D:2      | Found a burning altar of Makhleb.
  1869 | D:2      | Found a shattered altar of Ashenzari.
  1869 | D:2      | Found a hazy altar of Hepliaklqana.
  1869 | D:2      | Found a blossoming altar of Fedhas.
  2146 | D:2      | Reached skill level 3 in Axes
  2920 | D:2      | Reached XP level 4. HP: 22/36 MP: 6/6
  4589 | D:3      | Gained mutation: Your movements are slightly less
                  | encumbered by armour. (ER -2) [demonic ancestry]
  4589 | D:3      | Reached XP level 5. HP: 32/42 MP: 7/7
  4674 | D:3      | Found a sparkling altar of Nemelex Xobeh.
  4955 | D:4      | Reached ** piety under Lugonu
  5001 | D:4      | Noticed an ice beast
  5149 | D:4      | Reached skill level 4 in Axes
  5149 | D:4      | Reached skill level 1 in Evocations
  5274 | D:4      | Killed an ice beast
  5274 | D:4      | Reached XP level 6. HP: 48/48 MP: 8/8
  5572 | D:4      | Reached skill level 5 in Axes
  5913 | D:3      | Gained mutation: Your movements are less encumbered by
                  | armour. (ER -4) [demonic ancestry]
  5913 | D:3      | Reached XP level 7. HP: 51/54 MP: 10/10
  6448 | D:5      | Entered Level 5 of the Dungeon
  6594 | D:5      | Reached skill level 6 in Axes
  6811 | D:5      | Reached *** piety under Lugonu
  6908 | D:5      | Gained mutation: Your movements are significantly less
                  | encumbered by armour. (ER -6) [demonic ancestry]
  6908 | D:5      | Reached XP level 8. HP: 54/60 MP: 11/11
  7155 | D:5      | Found a staircase to the Ecumenical Temple.
  7184 | D:5      | Reached skill level 1 in Dodging
  7184 | D:5      | Reached skill level 5 in Invocations
  7327 | D:5      | Found Pyete's Magic Scroll Shoppe.
  7337 | D:5      | Bought 3 scrolls of identify for 84 gold pieces
  7337 | D:5      | Bought a scroll of teleportation for 42 gold pieces
  7337 | D:5      | Bought a scroll of blinking for 105 gold pieces
  7337 | D:5      | Bought a scroll of magic mapping for 49 gold pieces
  7567 | D:6      | Noticed Blork the orc
  7575 | D:6      | Killed Blork the orc
  7818 | D:6      | Reached skill level 7 in Axes
  8132 | D:6      | Noticed Eustachio
  8151 | D:6      | Killed Eustachio
  8353 | D:6      | Noticed Grinder
  8363 | D:6      | Killed Grinder
  8363 | D:6      | Reached skill level 8 in Axes
  8413 | D:6      | Gained mutation: When hurt, damage is shared between your
                  | health and your magic reserves. [demonic ancestry]
  8413 | D:6      | Reached XP level 9. HP: 67/67 MP: 13/13
  8779 | D:7      | Noticed Duvessa
  8781 | D:7      | Noticed Dowan
  8792 | D:7      | Killed Duvessa
  8799 | D:7      | Killed Dowan
  8799 | D:7      | Reached skill level 5 in Fighting
  8941 | D:7      | Reached **** piety under Lugonu
  9793 | D:7      | Reached skill level 9 in Axes
 10686 | D:8      | Found a shattered altar of Ashenzari.
 10886 | D:8      | Reached skill level 5 in Armour
 10941 | D:8      | Reached XP level 10. HP: 67/76 MP: 15/15
 11431 | D:8      | Reached skill level 10 in Axes
 11953 | D:8      | Slain by a vampire

Levels and vault maps discovered:
D:1:      saegor_arrival_simple_d, layout_basic
D:2:      layout_basic, grunt_temple_overflow_open, first_ration
D:3:      layout_basic, nemelex_diamond_rough_becter
D:4:      layout_basic, minmay_close_crescents
D:5:      layout_rooms, minmay_temple_entry_water_ring, serial_shops, shop
D:6:      layout_basic, uniq_grinder, uniq_eustachio, uniq_blork_the_orc
D:7:      minmay_chambers_of_sixes, layout_basic, minmay_door_square,
          uniq_duvessa
D:8:      layout_loops_ring, minmay_overflow_temple_star_quad, david_nohive_1,
          ashenzari_altar_1

Skill      XL: |  1  2  3  4  5  6  7  8  9 10 |
---------------+-------------------------------+-----
Axes           | 2 3 4 5 6 8 9 10 | 10.0
Armour         | 2 3 4 5 |  5.1
Invocations    | 3 4 5 7 |  7.3
Evocations     | 1 2 |  2.9
Fighting       | 4 6 |  6.1
Dodging        | 1 2 |  2.5
Throwing       | |  0.8

Action                   |  1- 3 |  4- 6 |  7- 9 | 10-12 || total
-------------------------+-------+-------+-------+-------++-------
Melee: Hand axe          |   115 |   163 |   633 |   166 ||  1077
       Kick              |    27 |    47 |   179 |    32 ||   285
Throw: Boomerang         |       |       |     8 |       ||     8
Invok: Depart the Abyss  |     1 |       |       |       ||     1
       Bend Space        |       |       |     1 |       ||     1
 Abil: Evoke Berserk Rag |       |     1 |     3 |       ||     4
Evoke: Wand              |       |       |     5 |     1 ||     6
  Use: Scroll            |     1 |       |     9 |     1 ||    11
 Stab: Paralysed         |       |       |    12 |       ||    12
  Eat: Chunk             |     6 |     7 |    17 |       ||    30
       Ration            |       |     1 |     1 |     1 ||     3
Armor: Leather armour    |    23 |       |       |       ||    23
       Ring mail         |       |    19 |       |       ||    19
       Chain mail        |       |    71 |   211 |       ||   282
       Plate armour      |       |       |    97 |   133 ||   230
Dodge: Dodged            |    65 |    79 |   275 |    97 ||   516

Table legend:
 A = Non-vault XP
 B = Vault XP
 C = Vault XP percentage of total XP
 D = Non-vault monster count
 E = Vault monster count
 F = Vault count percentage of total count
                 A         B        C        D         E       F
            +---------+---------+-------+---------+---------+-------
      Total |    4328 |    2085 |  32.5 |     208 |      29 |  12.2
            +---------+---------+-------+---------+---------+-------
        D:1 |      38 |       0 |   0.0 |      20 |       0 |   0.0
        D:2 |      67 |       0 |   0.0 |      19 |       0 |   0.0
        D:3 |     208 |       0 |   0.0 |      24 |       0 |   0.0
        D:4 |     598 |     201 |  25.2 |      34 |       6 |  15.0
        D:5 |     528 |       0 |   0.0 |      22 |       0 |   0.0
        D:6 |     795 |     528 |  39.9 |      34 |       3 |   8.1
        D:7 |     750 |     555 |  42.5 |      23 |       7 |  23.3
        D:8 |    1344 |     801 |  37.3 |      32 |      13 |  28.9
            +---------+---------+-------+---------+---------+-------
